AoeStats
← AloneArcher

Black Forest

510823006Analyzed
2v2 RM · 6h ago on Oct 2, 2026· 61m 21s· 4 players
Game mode
Random Map
Map size
Medium (4 player)
Population
200
Speed
Normal
Resources
Standard
Victory
Conquest
Starting age
Dark Age
Ending age
Imperial Age
RankedLock teamsTeams togetherTeam positionsShared explorationLock speedFull tech treeHidden civsTurbo modeCheats
Victory
Defeat
🇳🇴 Koreans · Norway
802
+14
🇹🇷 Turks · Türkiye
777
+15
🇨🇦 Mongols · Canada
852
-17
🇨🇦 Britons · Canada
682
-25
KoN_Air
0:54 Loom
13:48 Feudal Age
19:20 Castle Age
19:06 Double-Bit Axe
19:04 Horse Collar
27:10 Heavy Plow
28:47 Wheelbarrow
30:16 Stone Mining
30:17 Gold Mining
31:28 Hand Cart
31:48 Bow Saw
33:38 Town Watch
36:36 Imperial Age
34:57 Gold Shaft Mining
35:17 Stone Shaft Mining
34:36 Treadmill Crane
35:06 Pikeman
35:46 Squires
35:33 Arson
36:17 Caravan
36:02 Elite Skirmisher
36:48 Thumb Ring
38:22 Chemistry
37:42 Ballistics
37:20 Murder Holes
37:13 Heavy Rocket Cart
38:33 Halberdier
39:31 Fletching
39:41 Scale Mail Armor
39:53 Forging
40:14 Bodkin Arrow
41:00 Conscription
42:27 Bracer
43:02 Iron Casting
42:43 Chain Mail Armor
41:53 Elite War Wagon
42:36 Eupseong
44:19 Guilds
48:24 Heated Shot
48:44 Fortified Wall
48:40 Siege Engineers
48:45 Masonry
49:40 Two-Man Saw
52:42 Town Patrol
53:20 Plate Mail Armor
AloneArcher
0:30 Loom
14:46 Feudal Age
15:33 Horse Collar
16:05 Double-Bit Axe
18:37 Castle Age
18:01 Gold Mining
18:02 Stone Mining
22:16 Gold Shaft Mining
23:09 Heavy Plow
25:15 Wheelbarrow
26:32 Hand Cart
30:15 Imperial Age
28:47 Caravan
31:03 Bow Saw
32:19 Conscription
32:41 Scale Barding Armor
32:37 Scale Mail Armor
32:47 Forging
36:00 Two-Man Saw
36:46 Elite Janissary
40:47 Heavy Camel Rider
41:38 Bloodlines
43:03 Chain Barding Armor
42:58 Chain Mail Armor
43:19 Iron Casting
42:34 Fletching
42:45 Padded Archer Armor
44:15 Bombard Tower
InfinityDudes
12:40 Feudal Age
16:08 Double-Bit Axe
16:05 Horse Collar
17:21 Wheelbarrow
21:32 Castle Age
21:55 Fletching
22:03 Crossbowman
23:25 Bow Saw
23:29 Heavy Plow
26:09 Bodkin Arrow
28:11 Hand Cart
27:54 Gold Mining
27:55 Stone Mining
32:09 Imperial Age
29:57 Hand Cart
30:04 Padded Archer Armor
30:58 Gold Shaft Mining
32:35 Arbalester
35:27 Bracer
41:36 Pikeman
50:01 Scale Mail Armor
50:06 Scale Barding Armor
49:25 Halberdier
50:08 Squires
51:05 Elite Longbowman
52:22 Hoardings
57:37 Elite Longbowman
ThaRock
0:57 Loom
13:58 Feudal Age
14:08 Feudal Age
14:49 Double-Bit Axe
14:48 Horse Collar
21:33 Castle Age
20:50 Fletching
22:20 Heavy Plow
25:13 Gold Mining
25:53 Bow Saw
30:11 Stone Mining
32:14 Wheelbarrow
31:31 Town Watch
32:37 Bodkin Arrow
34:51 Padded Archer Armor
37:25 Imperial Age
35:11 Hand Cart
36:59 Leather Archer Armor
38:11 Bracer
37:59 Elite Mangudai
39:00 Conscription
39:02 Drill
38:07 Capped Ram
39:20 Ballistics
40:01 Chemistry
39:19 Masonry
40:07 Scale Barding Armor
40:14 Forging
40:18 Siege Engineers
40:59 Light Cavalry
41:52 Bloodlines
41:44 Husbandry
42:45 Siege Ram
43:48 Nomads
43:26 Hussar
Connection lost

Rejoining the realm…

Still unreachable

The connection could not be restored.

Session expired

The server has moved on; the page needs a fresh start.